 Dungeon Crawl Stone Soup version 0.17-a0-1939-ga475588 (webtiles) character file.

10575 wvc the Basher (level 11, -3/61 HPs)
             Began as a Vine Stalker Wanderer on Sept 29, 2015.
             Was a High Priest of Okawaru.
             Slain by an iguana (7 damage)
             ... on level 2 of the Lair of Beasts.
             The game lasted 00:22:39 (9137 turns).

wvc the Basher (Vine Stalker Wanderer)              Turns: 9137, Time: 00:22:39

Health: -3/61      AC: 16    Str: 22    XL:     11   Next: 64%
Magic:  0/13       EV: 17    Int: 11    God:    Okawaru [*****.]
Gold:   695        SH:  0    Dex: 16    Spells: 0 memorised, 10 levels left

rFire  . . .     SeeInvis +     u - +0 morningstar (venom)
rCold  . . .     Clarity  .     g - +0 ring mail
rNeg   . . .     SustAt   .     (no shield)
rPois  .         Gourm    .     F - +0 helmet {SInv}
rElec  .         Spirit   +     i - +2 cloak
rCorr  .         Warding  .     (no gloves)
rMut   .         Stasis   .     (no boots)
MR     +....                    (no amulet)
Stlth  +++.......               D - +3 ring of protection
                                m - +5 ring of strength

@: heroism, somewhat resistant to hostile enchantments, fairly stealthy
A: fangs 3, thin metallic scales 1, regeneration 2, robust 1, wild magic 1,
magic shield, antimagic bite, no device heal 3, rot immunity
a: Heroism, Finesse, Renounce Religion


You were on level 2 of the Lair of Beasts.
You worshipped Okawaru.
Okawaru was extremely pleased with you.
You were not hungry.

You visited 2 branches of the dungeon, and saw 11 of its levels.
You also visited: Ossuary.

You collected 818 gold pieces.
You spent 123 gold pieces at shops.

Inventory:

Hand weapons
 a - a +3 mace
 u - a +0 morningstar of venom (weapon)
 x - a +0 great mace
 E - a +0 dire flail
 L - a +0 blowgun
Missiles
 v - 63 poisoned needles
Armour
 g - a +0 ring mail (worn)
 i - a +2 cloak (worn)
 F - a +0 helmet of see invisible (worn)
Jewellery
 m - a +5 ring of strength (left hand)
 q - an uncursed ring of invisibility
 t - an uncursed ring of sustain attributes
 B - an uncursed ring of wizardry {unknown}
 D - a +3 ring of protection (right hand)
 K - an uncursed ring of see invisible {unknown}
 O - a cursed ring of teleportation {unknown}
Magical devices
 k - a wand of teleportation (5)
 C - a wand of confusion (28)
 M - a wand of fireball (6)
 N - a wand of confusion (20)
Scrolls
 b - 9 scrolls of teleportation
 n - a scroll of immolation
 r - 2 scrolls of enchant weapon
 s - 4 scrolls of amnesia
 y - 5 scrolls of remove curse
 G - a scroll of magic mapping
 H - a scroll of fog
 I - 6 scrolls of identify
Potions
 c - 4 potions of lignification
 d - 2 potions of haste
 f - 3 potions of brilliance
 h - a potion of ambrosia
 j - a potion of agility {unknown}
 o - 7 potions of curing
 w - 4 potions of might
 A - 3 potions of berserk rage
Books
 p - a book of the Warp

   Spells                             Type                      Level
   a - Recall                         Summoning/Translocation      3
   b - Gell's Gravitas                Hexes/Translocation          3
   c - Force Lance                    Conjuration/Translocation    4
   d - Phase Shift                    Translocation                5
   e - Warp Weapon                    Charms/Translocation         5
   f - Summon Forest                  Summoning/Translocation      5
 z - a book of Death

   Spells                             Type                      Level
   a - Corpse Rot                     Necromancy                   2
   b - Sublimation of Blood           Necromancy                   2
   c - Agony                          Necromancy                   5
   d - Dispel Undead                  Necromancy                   5
   e - Excruciating Wounds            Charms/Necromancy            5
   f - Bolt of Draining               Conjuration/Necromancy       5
Comestibles
 e - a bread ration
 l - 5 meat rations
 J - 2 beef jerkies
 P - 9 fruits


   Skills:
 + Level 5.2(10.2) Fighting
 - Level 14.0(19.0) Maces & Flails
   Level 1.0(6.0) Crossbows
 + Level 3.5(8.5) Armour
 + Level 4.5(9.5) Dodging
 - Level 1.2(6.2) Stealth
 - Level 2.0 Invocations
 - Level 1.0 Evocations


You had 10 spell levels left.
You didn't know any spells.

Dungeon Overview and Level Annotations

Branches:
Dungeon (9/15)             Temple (0/1) D:7            Lair (2/8) D:8
    Orc: D:9-12

Altars:
Ashenzari
Elyvilon
Fedhas
Gozag
Kikubaaqudgha
Okawaru
Qazlal
Ru
Sif Muna
Trog
Vehumet
Xom
Yredelemnul
Zin

Shops:
D:7 ?

Annotations:
D:9 graki42's ghost, experienced DEFE


Innate Abilities, Weirdness & Mutations

You have razor-sharp teeth.
You heal very quickly.
When hurt, damage is shared between your health and your magic reserves.
Your bite disrupts and absorbs the magic of your enemies.
Potions and wands cannot restore your health.
You are immune to rotting.
You are partially covered in thin metallic scales (AC +2).
You are robust (+10% HP).
Your spells are a little harder to cast, but a little more powerful.


Message History

The five-headed hydra bites you.
* * * LOW HITPOINT WARNING * * *
The five-headed hydra misses you.
The five-headed hydra completely misses you.
The iguana barely misses you.
You barely miss the five-headed hydra.
The five-headed hydra is almost dead.
The five-headed hydra closely misses you.
The five-headed hydra barely misses you.
The five-headed hydra bites you.
* * * LOW HITPOINT WARNING * * *
The five-headed hydra barely misses you.
The five-headed hydra bites you!
* * * LOW HITPOINT WARNING * * *
You puncture the five-headed hydra!
You kill the five-headed hydra!
Okawaru is honoured by your kill.
Your base Fighting skill increases to level 5!
The iguana bites you!
You die...

....###..##...##
................P#
.<..............##
................#
. .......#...##..#
#.##....#...####.#
.......##....# .#
#.#.#.#.##....#..#
.......r†@.....#
#.#.#.#.#l....##
.........#....#
#.#.#.#.##[...#
......#.......
#.#.#.##..#.P#.
..........#.###
#.#.# #.# ....
.... ... ##.#


You could see an iguana and a porcupine.

Vanquished Creatures
  A hydra (Lair:2)
  Joseph (D:9)
  A spiny frog (Lair:1)
  A black mamba (Lair:1)
  2 komodo dragons (Lair:1)
  Grinder (D:5)
  2 blink frogs (Lair:1)
  Sigmund (D:2)
  11 yaks
  A wyvern (D:8)
  2 basilisks
  A hungry ghost (D:9)
  Eustachio (D:5)
  A deep elf fighter (D:8)
  Grum (D:8)
  A steam dragon (D:8)
  2 wolves (D:8)
  3 porcupines
  Duvessa (D:5)
  A sky beast (D:9)
  3 orc warriors
  3 water moccasins (Lair:1)
  An ice beast (D:5)
  4 phantoms
  A necrophage (D:9)
  3 ogres
  2 crocodiles
  A centaur (D:7)
  6 giant frogs
  Blork the orc (D:5)
  A wyvern zombie (D:7)
  3 scorpions
  Dowan (D:5)
  5 wights (D:7)
  An electric eel (Lair:1)
  2 jellies
  A crimson imp (D:9)
  2 centaur zombies
  5 orc priests
  A centaur skeleton (D:5)
  13 orc wizards
  2 giant frog zombies
  Crazy Yiuf (D:2)
  Ijyb (D:3)
  Natasha (thrice) (D:2)
  5 iguanas
  2 hounds
  A killer bee zombie (D:6)
  3 worker ants
  A hound skeleton (D:8)
  8 mummies (Ossuary)
  Robin (D:2)
  3 gnolls (D:7)
  2 worker ant zombies
  10 adders
  9 river rats
  2 shadow imps
  An ooze (D:1)
  3 adder skeletons
  4 giant geckos
  35 orcs
  2 giant cockroaches
  13 goblins
  14 hobgoblins
  15 jackals
  9 kobolds
  5 quokkas
  23 bats
  9 giant newts
  3 gnoll zombies
  2 hobgoblin zombies (Ossuary)
  2 jackal skeletons (D:8)
  3 kobold zombies (Ossuary)
  2 orc zombies (Ossuary)
  A quokka skeleton (D:3)
  17 rats
313 creatures vanquished.

Vanquished Creatures (others)
  A steam dragon (D:9)
1 creature vanquished.

Grand Total: 314 creatures vanquished

Notes
Turn   | Place    | Note
--------------------------------------------------------------
     0 | D:1      | wvc the Vine Stalker Wanderer began the quest for the Orb.
     0 | D:1      | wvc set off with: a +2 mace, a scroll of teleportation, a potion of lignification, a +0 robe, a bread ration, a !bad item (cl:100,ty:0,pl:0,pl2:0,sp:0,qu:0), a !bad item (cl:100,ty:0,pl:0,pl2:0,sp:0,qu:0), a !bad item (cl:100,ty:0,pl:0,pl2:0,sp:0,qu:0), a !bad item (cl:100,ty:0,pl:0,pl2:0,sp:0,qu:0), a !bad item (cl:100,ty:0,pl:0,pl2:0,sp:0,qu:0), a !bad item (cl:100,ty:0,pl:0,pl2:0,sp:0,qu:0), a !bad item (cl:100,ty:0,pl:0,pl2:0,sp:0,qu:0), a !bad item (cl:100,ty:0,pl:0,pl2:0,sp:0,qu:0), a !bad item (cl:100,ty:0,pl:0,pl2:0,sp:0,qu:0), a !bad item (cl:100,ty:0,pl:0,pl2:0,sp:0,qu:0), a !bad item (cl:100,ty:0,pl:0,pl2:0,sp:0,qu:0), a !bad item (cl:100,ty:0,pl:0,pl2:0,sp:0,qu:0), a !bad item (cl:100,ty:0,pl:0,pl2:0,sp:0,qu:0), a !bad item (cl:100,ty:0,pl:0,pl2:0,sp:0,qu:0), a !bad item (cl:100,ty:0,pl:0,pl2:0,sp:0,qu:0), a !bad item (cl:100,ty:0,pl:0,pl2:0,sp:0,qu:0), a !bad item (cl:100,ty:0,pl:0,pl2:0,sp:0,qu:0), a !bad item (cl:100,ty:0,pl:0,pl2:0,sp:0,qu:0), a !bad item (cl:100,ty:0,pl:0,pl2:0,sp:0,qu:0), a !bad item (cl:100,ty:0,pl:0,pl2:0,sp:0,qu:0), a !bad item (cl:100,ty:0,pl:0,pl2:0,sp:0,qu:0), a !bad item (cl:100,ty:0,pl:0,pl2:0,sp:0,qu:0), a !bad item (cl:100,ty:0,pl:0,pl2:0,sp:0,qu:0), a !bad item (cl:100,ty:0,pl:0,pl2:0,sp:0,qu:0), a !bad item (cl:100,ty:0,pl:0,pl2:0,sp:0,qu:0), a !bad item (cl:100,ty:0,pl:0,pl2:0,sp:0,qu:0), a !bad item (cl:100,ty:0,pl:0,pl2:0,sp:0,qu:0), a !bad item (cl:100,ty:0,pl:0,pl2:0,sp:0,qu:0), a !bad item (cl:100,ty:0,pl:0,pl2:0,sp:0,qu:0), a !bad item (cl:100,ty:0,pl:0,pl2:0,sp:0,qu:0), a !bad item (cl:100,ty:0,pl:0,pl2:0,sp:0,qu:0), a !bad item (cl:100,ty:0,pl:0,pl2:0,sp:0,qu:0), a !bad item (cl:100,ty:0,pl:0,pl2:0,sp:0,qu:0), a !bad item (cl:100,ty:0,pl:0,pl2:0,sp:0,qu:0), a !bad item (cl:100,ty:0,pl:0,pl2:0,sp:0,qu:0), a !bad item (cl:100,ty:0,pl:0,pl2:0,sp:0,qu:0), a !bad item (cl:100,ty:0,pl:0,pl2:0,sp:0,qu:0), a !bad item (cl:100,ty:0,pl:0,pl2:0,sp:0,qu:0), a !bad item (cl:100,ty:0,pl:0,pl2:0,sp:0,qu:0), a !bad item (cl:100,ty:0,pl:0,pl2:0,sp:0,qu:0), a !bad item (cl:100,ty:0,pl:0,pl2:0,sp:0,qu:0), a !bad item (cl:100,ty:0,pl:0,pl2:0,sp:0,qu:0), a !bad item (cl:100,ty:0,pl:0,pl2:0,sp:0,qu:0), a !bad item (cl:100,ty:0,pl:0,pl2:0,sp:0,qu:0), a !bad item (cl:100,ty:0,pl:0,pl2:0,sp:0,qu:0), a !bad item (cl:100,ty:0,pl:0,pl2:0,sp:0,qu:0), a !bad item (cl:100,ty:0,pl:0,pl2:0,sp:0,qu:0)
     0 | D:1      | Reached XP level 1. HP: 11/11 MP: 2/2
     2 | D:1      | Noticed a vampire
     2 | D:1      | Noticed a human
     4 | D:1      | Noticed a dwarf
     4 | D:1      | Noticed a tengu
     6 | D:1      | Noticed a demonspawn
     6 | D:1      | Noticed a centaur
     8 | D:1      | Noticed a minotaur
     8 | D:1      | Noticed an ogre
    10 | D:1      | Noticed a merfolk
    12 | D:1      | Noticed a felid
    12 | D:1      | Noticed a naga
    14 | D:1      | Noticed a ghoul
    16 | D:1      | Noticed a vine stalker
    16 | D:1      | Noticed a spriggan
    18 | D:1      | Noticed a gargoyle
    18 | D:1      | Noticed a demigod
    20 | D:1      | Noticed an octopode
    22 | D:1      | Noticed a formicid
    24 | D:1      | Noticed a troll
    24 | D:1      | Noticed an elf
    26 | D:1      | Noticed a draconian
   163 | D:1      | Reached XP level 2. HP: 8/16 MP: 1/3
   511 | D:1      | Reached XP level 3. HP: 19/19 MP: 2/4
   545 | D:1      | Reached skill level 3 in Maces & Flails
   678 | D:2      | Reached skill level 1 in Dodging
   809 | D:2      | Noticed Crazy Yiuf
   820 | D:2      | Killed Crazy Yiuf
   820 | D:2      | Reached XP level 4. HP: 10/23 MP: 1/5
   991 | D:2      | Noticed Natasha
   997 | D:2      | Killed Natasha
  1031 | D:2      | Noticed Natasha
  1037 | D:2      | Killed Natasha
  1037 | D:2      | Reached XP level 5. HP: 19/27 MP: 6/6
  1049 | D:2      | Noticed Natasha
  1052 | D:2      | Killed Natasha
  1113 | D:2      | Noticed Robin
  1126 | D:2      | Killed Robin
  1126 | D:2      | Reached skill level 4 in Maces & Flails
  1418 | D:2      | Noticed Sigmund
  1426 | D:2      | Killed Sigmund
  1426 | D:2      | Reached skill level 5 in Maces & Flails
  1426 | D:2      | Gained mutation: You heal very quickly. [Vine Stalker growth]
  1426 | D:2      | Reached XP level 6. HP: 28/32 MP: 7/7
  1896 | D:3      | Noticed Ijyb
  1911 | D:3      | Killed Ijyb
  2520 | D:4      | Found a shimmering altar of Xom.
  2584 | D:4      | Reached skill level 6 in Maces & Flails
  2584 | D:4      | Reached XP level 7. HP: 32/35 MP: 8/8
  2683 | D:4      | Found a sand-covered staircase.
  2698 | Ossuary  | Entered an ossuary
  2812 | Ossuary  | Reached skill level 7 in Maces & Flails
  3219 | D:5      | Entered Level 5 of the Dungeon
  3224 | D:5      | Found a glowing silver altar of Zin.
  3297 | D:5      | Found a stormy altar of Qazlal.
  3346 | D:5      | Gained mutation: You have razor-sharp teeth. [Vine Stalker growth]
  3346 | D:5      | Reached XP level 8. HP: 21/39 MP: 7/9
  3481 | D:5      | Found an iron altar of Okawaru.
  3482 | D:5      | Found a shattered altar of Ashenzari.
  3489 | D:5      | Became a worshipper of Warmaster Okawaru
  3492 | D:5      | Gained mutation: You are partially covered in thin metallic scales (AC +2). [potion of mutation]
  3492 | D:5      | Gained mutation: Your spells are a little harder to cast, but a little more powerful. [potion of mutation]
  3492 | D:5      | Gained mutation: You are robust (+10% HP). [potion of mutation]
  3549 | D:5      | Reached skill level 8 in Maces & Flails
  3600 | D:5      | Found a blossoming altar of Fedhas.
  3753 | D:5      | Noticed Grinder
  3894 | D:5      | Killed Grinder
  3963 | D:5      | Noticed Dowan
  3964 | D:5      | Noticed Duvessa
  3985 | D:5      | Killed Dowan
  4133 | D:5      | Noticed Blork the orc
  4136 | D:5      | Killed Duvessa
  4136 | D:5      | Reached skill level 9 in Maces & Flails
  4144 | D:5      | Killed Blork the orc
  4144 | D:5      | Acquired Okawaru's first power
  4223 | D:5      | Noticed Eustachio
  4236 | D:5      | Killed Eustachio
  4389 | D:5      | Reached skill level 10 in Maces & Flails
  4389 | D:5      | Reached XP level 9. HP: 34/47 MP: 7/10
  4433 | D:5      | Found a bloodstained altar of Trog.
  5506 | D:7      | Reached skill level 11 in Maces & Flails
  5510 | D:7      | Found a basalt altar of Yredelemnul.
  5572 | D:7      | Found a staircase to the Ecumenical Temple.
  5840 | D:7      | Found a white marble altar of Elyvilon.
  5983 | D:7      | Found Zoawekoo's Magic Scroll Emporium.
  5992 | D:7      | Bought a scroll of identify for 26 gold pieces
  5992 | D:7      | Bought a scroll of magic mapping for 45 gold pieces
  5992 | D:7      | Bought a scroll of identify for 26 gold pieces
  5992 | D:7      | Bought a scroll of identify for 26 gold pieces
  6042 | D:7      | Found an opulent altar of Gozag.
  6054 | D:7      | Found a sacrificial altar of Ru.
  6213 | D:8      | Reached skill level 1 in Invocations
  6425 | D:8      | Reached skill level 12 in Maces & Flails
  6458 | D:8      | Found a staircase to the Lair.
  6465 | D:8      | Reached XP level 10. HP: 49/51 MP: 11/11
  6484 | D:8      | Found an ancient bone altar of Kikubaaqudgha.
  6486 | D:8      | Found a deep blue altar of Sif Muna.
  6486 | D:8      | Found a radiant altar of Vehumet.
  6491 | D:8      | Identified Kikubaaqudgha's Papyrus of Evil
  6500 | D:8      | Identified Vehumet's Disquisition on Confrontation
  6510 | D:8      | Identified Sif Muna's Catalogue of Execration
  7286 | D:9      | Noticed graki42's ghost (experienced DEFE)
  7288 | D:9      | Noticed Grum
  7324 | D:8      | Reached skill level 13 in Maces & Flails
  7348 | D:8      | Killed Grum
  7537 | D:9      | HP: 2/51 [steam dragon/ball of steam (15)]
  7621 | D:9      | Noticed Joseph
  7652 | D:9      | Killed Joseph
  7702 | D:9      | Found a deep blue altar of Sif Muna.
  8047 | Lair:1   | Entered Level 1 of the Lair of Beasts
  8257 | Lair:1   | Reached XP level 11. HP: 43/56 MP: 10/13
  8265 | Lair:1   | Reached skill level 14 in Maces & Flails
  8565 | Lair:1   | Noticed a black mamba
  8581 | Lair:1   | Killed a black mamba
  8986 | Lair:1   | Acquired Okawaru's second power
  9120 | Lair:2   | Noticed a five-headed hydra
  9137 | Lair:2   | Killed a five-headed hydra
  9137 | Lair:2   | Reached skill level 5 in Fighting
  9137 | Lair:2   | Slain by an iguana

Vault maps used:
D:1:      kb_arrival_jail, st_stairs_14, minivault_24, minivault_11
D:2:      uniq_natasha, uniq_robin, uniq_crazy_yiuf_cottage, uniq_sigmund
D:3:      first_bread, uniq_iyjb
D:4:      xom_confusion_cloud, enter_ossuary_1
D:5:      kennysheep_big_flooded_room, nicolae_overflow_crystal_walls,
          kennysheep_little_box, nicolae_overflow_hidden_temple,
          lightli_temple_of_fire, grunt_temple_overflow_open, uniq_grinder,
          uniq_eustachio, uniq_blork_the_orc, uniq_duvessa
D:6:      portal_sewer_entry_d
D:7:      elyvilon_altar_4, gammafunk_temple_overflow_pools,
          lemuel_zombie_altar_yredelemnul, minmay_temple_entry_purple_smoke,
          serial_shops, shop
D:8:      lemuel_upstairs_altar, grunt_temple_overflow_magic_moments,
          grunt_lair_entry_elf_guard_hut
D:9:      kennysheep_orc_sif_temple, uniq_grum, uniq_erolcha, uniq_joseph
Lair:1:   fungi_pond_lemuel, grunt_megastairs_2, bh_autumn_forest_stairs,
          lemuel_fruit_tree
Lair:2:   st_stairs_11, serial_bayou_shore_a, serial_bayou_shore_b
Ossuary:  ossuary_tomb_3

Action                   |  1- 3 |  4- 6 |  7- 9 | 10-12 || total
-------------------------+-------+-------+-------+-------++-------
Melee: Mace              |    95 |   141 |   429 |   132 ||   797
       Morningstar       |       |       |       |   200 ||   200
Invok: Heroism           |       |       |     2 |     6 ||     8
Evoke: Wand              |       |       |       |     2 ||     2
  Use: Scroll            |     4 |     7 |    11 |     4 ||    26
       Potion            |       |       |     1 |       ||     1
 Stab: Sleeping          |       |       |     3 |       ||     3
  Eat: Chunk             |       |     2 |       |     3 ||     5
       Fruit             |       |     5 |     4 |       ||     9
       Bread ration      |       |     1 |     1 |     1 ||     3
       Beef jerky        |       |       |     1 |     1 ||     2
